 Dungeon Crawl Stone Soup version 0.31-a0-544-gceb718ecc6 (webtiles) character file.

Game seed: 12768070888711768858

5854 Mickster the Severer (level 10, -4/88 HPs)
             Began as a Hill Orc Berserker on Aug 15, 2023.
             Was a Priest of Trog.
             Slain by a skeletal warrior
             ... wielding a +0 morningstar
              (19 damage)
             ... on level 9 of the Dungeon.
             The game lasted 01:16:54 (5539 turns).

Mickster the Severer (Hill Orc Berserker)           Turns: 5539, Time: 01:16:54

Health: -4/88      AC: 23    Str: 25    XL:     10   Next: 81%
Magic:  8/10       EV:  8    Int:  7    God:    Trog [***...]
Gold:   433        SH:  0    Dex: 16    Spells: 9/9 levels left

rFire   . . .        H - +4 broad axe (freeze)
rCold   . . .        (no shield)
rNeg    . . .        K - +1 plate armour
rPois   .            w - +1 helmet
rElec   .            (no cloak)
rCorr   .            (no gloves)
SInv    .            h - +2 pair of boots
Will    ++...        b - amulet of the acrobat Stlth
                     l - +4 ring of protection
HPRegen 1.34/turn    s - +6 ring of dexterity
MPRegen 0.12/turn

%: acrobat
@: strong-willed, on berserk cooldown, regenerating, slowed, very slow
A: no striking features
a: Renounce Religion, Berserk, Trog's Hand


You were on level 9 of the Dungeon.
You worshipped Trog.
Trog was most pleased with you.
You visited 1 branch of the dungeon, and saw 9 of its levels.

You collected 433 gold pieces.

Inventory:

Hand Weapons
 q - a +1 war axe
 F - a +2 mace of draining
 H - a +4 broad axe of freezing (weapon)
Missiles
 g - 4 atropa-tipped darts
 j - 18 boomerangs
 m - 6 javelins (quivered)
 o - 4 silver javelins
 E - a throwing net
 I - 14 poisoned darts
Armour
 h - a +2 pair of boots (worn)
 w - a +1 helmet (worn)
 K - a +1 plate armour (worn)
 L - a +2 scale mail of fire resistance
Jewellery
 b - an amulet of the acrobat (around neck)
 l - a +4 ring of protection (left hand)
 n - a +6 ring of intelligence
 s - a +6 ring of dexterity (right hand)
Wands
 c - a wand of roots (8)
 y - a wand of digging (10)
 A - a wand of charming (6)
 J - a wand of flame (17)
Scrolls
 a - a scroll of fear
 f - a scroll of identify
 i - a scroll of brand weapon {unknown}
 B - 2 scrolls of fog
 D - 3 scrolls of revelation
Potions
 d - 2 potions of invisibility {unknown}
 e - a potion of heal wounds
 r - a potion of resistance {unknown}
 t - 3 potions of degeneration {unknown}
 u - a potion of berserk rage {unknown}
 v - a potion of attraction {unknown}
 x - 2 potions of enlightenment
 C - a potion of ambrosia {unknown}
 M - a potion of curing {unknown}
 N - a potion of haste {unknown}


   Skills:
 + Level 7.6 Fighting
 * Level 17.1 Axes
 + Level 0.7 Throwing
 + Level 6.8 Armour
 + Level 2.8 Dodging
 + Level 0.7 Stealth


You had 9 spell levels left.
You didn't know any spells.
Your spell library was empty.

Dungeon Overview and Level Annotations

Branches:
Dungeon (9/15)               Lair (0/5) D:8
 Temple: D:4-7          Orc: D:9-12

Altars:
Ashenzari
Makhleb
Nemelex Xobeh
Okawaru
Uskayaw
Vehumet
Xom
Zin
The Shining One

Shops:
D:4 [


Message History

Trog accepts your kill.
You hit the skeletal warrior but do no damage.
The skeletal warrior hits you with a +0 morningstar!
The skeletal warrior misses you.
The skeletal warrior completely misses you. x2
You see here a +2 antimagic shortbow.
You closely miss the skeletal warrior. x2
The skeletal warrior hits you but does no damage.
The skeletal warrior closely misses you.
You slash the skeletal warrior! You freeze the skeletal warrior.
The skeletal warrior is lightly damaged.
You slash the skeletal warrior! You freeze the skeletal warrior.
The skeletal warrior barely misses you.
The skeletal warrior hits you but does no damage.
You barely miss the skeletal warrior.
The skeletal warrior is lightly damaged.
You closely miss the skeletal warrior.
The skeletal warrior hits you with a +0 hand axe!
The skeletal warrior hits you with a +0 morningstar!
You hit the skeletal warrior but do no damage.
The skeletal warrior is lightly damaged.
You closely miss the skeletal warrior. The skeletal warrior barely misses you.
The skeletal warrior closely misses you.
You hit the skeletal warrior.
The skeletal warrior is lightly damaged.
You barely miss the skeletal warrior.
The skeletal warrior hits you with a +0 hand axe!
The skeletal warrior completely misses you.
The skeletal warrior hits you but does no damage. x2
You hit the skeletal warrior but do no damage.
The skeletal warrior is lightly damaged.
You hit the skeletal warrior but do no damage.
The skeletal warrior barely misses you.
The skeletal warrior hits you with a +0 morningstar!!
* * * LOW HITPOINT WARNING * * *
Your skin crawls.
You feel strong-willed. The skeletal warrior barely misses you.
The skeletal warrior hits you with a +0 morningstar!!
You die...

*,,,,,,,,*#.*#.........,,,,*
*,,,,,,,,*#.##.........,,,,*
*,,,,,,,,*#............,,,,*
*,,,,,,,,*#..#........,,,,,*
*****+***###........,,,,,,,*
*,* #..._..?.#****,****
*,####._......# *##.*
*,........z...# #..,*
***#.....⌠z@_.# #.#**
*******###.........###.#####
*,,,,,,....._%....#..[.....#
*,,,,,,......._...#........#
+,,,,,,...>...)..##........#
*,,,,,,......#.............#
***+***############........#
*,,,,* #######.## ****,*
###..#


You could see 2 skeletal warriors.

Vanquished Creatures
  Erolcha (D:9)
  A death yak (D:8)
  An elephant (D:8)
  The ghost of Demosthentine the Trooper, a novice DsGl of Hepliaklqana (D:5)
  Maggie (D:6)
  2 trolls (D:9)
  A basilisk (D:8)
  A steam dragon (D:7)
  Duvessa (D:7)
  4 orc warriors
  A black bear (D:8)
  3 ice beasts
  2 sky beasts
  3 ogres
  2 centaurs
  2 kobold brigands (D:8)
  3 scorpions
  Dowan (D:7)
  2 howler monkeys (D:7)
  3 orc priests
  5 hounds
  4 gnoll boudas
  3 sleepcaps
  4 iguanas
  6 orc wizards
  20 gnolls
  10 adders
  A white imp (D:7)
  A worm (D:2)
  2 dart slugs
  30 orcs
  A bat (D:2)
  8 endoplasms
  3 giant cockroaches
  31 goblins
  22 hobgoblins
  2 jackals (D:2)
  8 quokkas
  A ball python (D:1)
  4 frilled lizards
  14 kobolds
  A rat (D:3)
217 creatures vanquished.

Vanquished Creatures (collateral kills)
  2 orc priests (D:8)
  An orc (D:8)
3 creatures vanquished.

Grand Total: 220 creatures vanquished

Notes
Turn   | Place    | Note
-------+----------+-------------------------------------------
     0 | D:1      | Mickster the Hill Orc Berserker began the quest for the
                  | Orb.
     0 | D:1      | Reached XP level 1. HP: 19/19 MP: 1/1
   156 | D:1      | Reached XP level 2. HP: 20/27 MP: 2/2
   710 | D:1      | Reached ** piety under Trog
   760 | D:2      | Reached XP level 3. HP: 31/33 MP: 3/3
   839 | D:2      | Reached skill level 5 in Axes
  1007 | D:3      | Reached XP level 4. HP: 38/41 MP: 4/4
  1217 | D:3      | Reached XP level 5. HP: 47/47 MP: 5/5
  1764 | D:3      | Reached skill level 6 in Axes
  1874 | D:4      | Found Mig Yco's Antique Armour Shop.
  1879 | D:4      | Found a shimmering altar of Xom.
  1946 | D:4      | Noticed an ogre
  1954 | D:4      | Killed an ogre
  1955 | D:4      | Reached skill level 7 in Axes
  1955 | D:4      | Reached XP level 6. HP: 53/53 MP: 6/6
  2023 | D:4      | Reached skill level 8 in Axes
  2132 | D:4      | Reached XP level 7. HP: 60/60 MP: 7/7
  2163 | D:4      | Reached *** piety under Trog
  2287 | D:4      | You fall into a shaft and drop 1 floor!
  2287 | D:5      | Entered Level 5 of the Dungeon
  2296 | D:5      | Reached skill level 9 in Axes
  2691 | D:5      | Found a runed translucent door.
  2693 | D:5      | Noticed Demosthentine's ghost (novice DsGl)
  2838 | D:5      | Killed Demosthentine's ghost
  2839 | D:5      | Reached skill level 5 in Fighting
  2839 | D:5      | Reached skill level 10 in Axes
  2839 | D:5      | Reached XP level 8. HP: 68/68 MP: 8/8
  3057 | D:5      | Found a glowing silver altar of Zin.
  3356 | D:5      | Reached skill level 11 in Axes
  3427 | D:5      | Reached skill level 12 in Axes
  3567 | D:6      | Noticed Maggie
  3595 | D:6      | Reached XP level 9. HP: 32/71 MP: 9/9
  3599 | D:6      | Killed Maggie
  3600 | D:6      | Reached skill level 13 in Axes
  3849 | D:6      | Upgraded the game from 0.31-a0-542-gdc2a67831c to
                  | 0.31-a0-544-gceb718ecc6
  4196 | D:6      | Reached skill level 14 in Axes
  4322 | D:7      | Reached skill level 5 in Armour
  4403 | D:7      | Found an iron altar of Okawaru.
  4404 | D:7      | Noticed Duvessa
  4408 | D:7      | Noticed Dowan
  4415 | D:7      | Killed Duvessa
  4421 | D:7      | Killed Dowan
  4511 | D:7      | Reached skill level 15 in Axes
  4544 | D:7      | Reached **** piety under Trog
  4599 | D:7      | Reached XP level 10. HP: 50/84 MP: 10/10
  4655 | D:7      | Identified the +0 robe "Deant" {Rampage rPois Str+5 Dex-3}
  5122 | D:8      | Noticed a death yak
  5122 | D:8      | Noticed an elephant
  5123 | D:8      | Found a staircase to the Lair.
  5142 | D:8      | Killed an elephant
  5147 | D:8      | Killed a death yak
  5148 | D:8      | Reached skill level 16 in Axes
  5441 | D:9      | Found a hide-covered altar of Uskayaw.
  5499 | D:9      | Found a sparkling altar of Nemelex Xobeh.
  5502 | D:9      | Found a glowing golden altar of the Shining One.
  5504 | D:9      | Found a radiant altar of Vehumet.
  5507 | D:9      | Found a burning altar of Makhleb.
  5509 | D:9      | Found a broken altar of Ashenzari.
  5510 | D:9      | Noticed Erolcha
  5520 | D:9      | Killed Erolcha
  5521 | D:9      | Reached skill level 17 in Axes
  5524 | D:9      | Noticed a skeletal warrior
  5526 | D:9      | Noticed a skeletal warrior
  5539 | D:9      | Slain by a skeletal warrior

Illustrated notes

Levels and vault maps discovered:
D:1:      scummos_arrival_simple_fountains, layout_loops_ring,
          supply_closet_lemuel
D:2:      layout_loops_cross, serial_glass, glass_columns_a, glass_columns_a,
          item_on_display_a, due_unseen_surprise
D:3:      layout_rooms, grunt_ministairs_8, minmay_misc_feat_plants
D:4:      minmay_goblin_kobold_castle, layout_rooms, lemuel_crystal_altar,
          serial_forest, infiniplex_forest_clump_cross,
          infiniplex_forest_corner_1, infiniplex_forest_clump_C,
          infiniplex_forest_clump_tiny, infiniplex_forest_straight_4,
          serial_shops, nicolae_shop_stone
D:5:      minmay_recursive_quarters, layout_gridville, zin_statuary,
          ebering_ghost_sewer_d
D:6:      layout_basic, minmay_temple_entry_statues_pillars, uniq_maggie
D:7:      layout_rooms, lemuel_tele_altar, mainiacjoe_overflow_alcove_1,
          kennysheep_pointless_box, solitary_fountain, minmay_misc_feat_alley,
          kennysheep_generic_room_3, uniq_duvessa
D:8:      layout_basic, david_lair_generic, uniq_amaemon
D:9:      layout_roguey [special_room_kobold], eat_drink_and_be_merry_uskayaw,
          grunt_temple_overflow_open, enter_bailey_2, uniq_erolcha

Skill      XL: |  1  2  3  4  5  6  7  8  9 10 |
---------------+-------------------------------+-----
Fighting       | 4 5 6 7 |  7.6
Axes           | 5 7 8 10 12 15 17 | 17.1
Dodging        | 2 |  2.8
Armour         | 3 4 5 6 |  6.8
Throwing       | |  0.7
Stealth        | |  0.7

Action                     |  1- 3 |  4- 6 |  7- 9 | 10-12 || total
---------------------------+-------+-------+-------+-------++-------
  Melee: Hand axe          |   100 |    16 |       |       ||   116
         War axe           |       |    80 |   173 |       ||   253
         Punch             |       |     1 |     3 |       ||     4
         Broad axe         |       |       |    92 |    51 ||   143
  Throw: Dart              |       |       |     4 |       ||     4
         Javelin           |       |       |     4 |     1 ||     5
 Invoke: Berserk           |     1 |     5 |    14 |     3 ||    23
         Trog's Hand       |       |     5 |    10 |     4 ||    19
         Brothers in Arms  |       |       |       |     1 ||     1
    Use: Scroll            |     4 |     2 |     7 |     3 ||    16
         Potion            |       |       |     1 |     1 ||     2
 Armour: Scale mail        |    49 |    53 |    41 |       ||   143
         Chain mail        |       |       |   124 |       ||   124
         Plate armour      |       |       |    23 |    87 ||   110
  Dodge: Dodged            |    76 |    92 |   210 |    67 ||   445

Table legend: (Time is in decaauts)
 A = Elapsed time spent in this place.
 B = Non-inter-level travel time spent in this place.
 C = Inter-level travel time spent in this place.
 D = Time resting spent in this place.
 E = Time spent auto-exploring this place.
 F = Levels seen in this place.
 G = Mean time per level.
                   A        B        C        D        E       F      G
               +--------+--------+--------+--------+--------+-----+--------+
         Total |   5757 |   5374 |    383 |    307 |     68 |   9 |  639.7 |
       Dungeon |   5757 |   5374 |    383 |    307 |     68 |   9 |  639.7 |
               +--------+--------+--------+--------+--------+-----+--------+

Top non-repeatable levels by time:
     D:5: 1148 daAuts
     D:3: 837 daAuts
     D:6: 824 daAuts
     D:1: 758 daAuts
     D:7: 747 daAuts
     D:4: 628 daAuts
     D:8: 420 daAuts
     D:2: 245 daAuts
     D:9: 146 daAuts
